 Dungeon Crawl Stone Soup version 0.27.1-33-g824d729ab1 (webtiles) character file.

Game seed: 9157899173501803030

428 pkoi the Insei (level 6, -3/47 HPs)
             Began as a Draconian Transmuter on Dec 3, 2021.
             Slain by an ogre (29 damage)
             ... on level 5 of the Dungeon.
             The game lasted 00:07:03 (4146 turns).

pkoi the Insei (Draconian Transmuter)               Turns: 4146, Time: 00:07:04

Health: -3/47      AC: 12    Str: 12    XL:     6   Next: 65%
Magic:  9/9        EV: 12    Int: 15    God:
Gold:   182        SH:  0    Dex: 12    Spells: 5/9 levels left

rFire    . . .     SeeInvis .     - Unarmed
rCold    . . .     Faith    .   (no shield)
rNeg     . . .     Spirit   .   (armour unavailable)
rPois    .         Reflect  .   l - +2 hat
rElec    .         Harm     .   k - scarf {shadows}
rCorr    .         Rampage  .   e - +3 pair of gauntlets of War {Slay+5}
Will     .....                  (no boots)
Stlth    +.........             (no amulet)
HPRegen  0.15/turn              (no ring)
MPRegen  0.11/turn              (no ring)

@: no status effects
A: AC +6, unfitting armour, cold-blooded
a: no special abilities


You were on level 5 of the Dungeon.
You visited 1 branch of the dungeon, and saw 5 of its levels.

You collected 182 gold pieces.

Inventory:

Hand Weapons
 b - a +1 short sword of flaming
Missiles
 a - 4 javelins
 c - 84 stones
 j - 8 atropa-tipped darts
 m - 19 poisoned darts (quivered)
 o - 2 throwing nets
Armour
 d - a +0 cloak
 e - the +3 pair of gauntlets of War (worn) {Slay+5}
   (You acquired it on level 3 of the Dungeon)

   Slay:      It affects your accuracy & damage with ranged weapons and melee
   (+5).
 k - a scarf of shadows (worn)
 l - a +2 hat (worn)
Scrolls
 f - a scroll of magic mapping
 g - a scroll of acquirement
 h - 2 scrolls of identify
 i - a scroll of teleportation
Potions
 n - a potion of resistance {unknown}


   Skills:
 - Level 1.1 Fighting
 + Level 1.8 Dodging
 + Level 7.1 Unarmed Combat
 + Level 2.3 Spellcasting
 + Level 2.4 Transmutations
 + Level 1.1 Poison Magic


You had 5 spell levels left.
You knew the following spells:

 Your Spells              Type           Power      Damage    Failure   Level
a - Beastly Appendage     Tmut           18%        N/A       8%          1
b - Spider Form           Tmut/Pois      3%         N/A       30%         3

Your spell library contained the following spells:

 Spells                   Type           Power      Damage    Failure   Level
 Wereblood                Tmut           9%         N/A       12%         2
 Corpse Rot               Necr/Air       N/A        N/A       32%         2
 Portal Projectile        Hex/Tloc       2%         N/A       54%         3
 Ice Form                 Ice/Tmut       5%         N/A       78%         4
 Dispel Undead            Necr           1%         3d6       91%         4
 Blade Hands              Tmut           4%         N/A       91%         5
 Excruciating Wounds      Necr           0%         N/A       99%         5
 Death Channel            Necr           0%         N/A       100%        6


Dungeon Overview and Level Annotations

Branches:
Dungeon (5/15)
 Temple: D:4-7

Altars:
Xom

Shops:
D:1 =

Annotations:
D:5 Prince Ribbit


Innate Abilities, Weirdness & Mutations

Your plain brown scales are hard. (AC +6)
You cannot fit into any form of body armour.
You are cold-blooded and may be slowed by cold attacks.


Message History

Your Unarmed Combat skill increases to level 7!
You hit the adder.
The adder is lightly wounded.
The adder bites you but does no damage.
You barely miss the adder.
The adder is lightly wounded.
The adder closely misses you.
You closely miss the adder.
Your tail-slap misses the adder.
The adder is lightly wounded.
The adder closely misses you. The adder bites you but does no damage.
You punch the adder!
You kill the adder!
You start resting.
HP restored.
There is a stone staircase leading down here.
There is a stone staircase leading down here.
You climb downwards.
You hear the hiss of flowing sand.
There is an entrance to an ossuary on this level.
Hurry and find it before the portal is buried!
The howler monkey hits you. x2
There is a stone staircase leading up here.
You hit the howler monkey.
The howler monkey is moderately wounded.
The howler monkey closely misses you.
You punch the howler monkey!
The howler monkey is severely wounded.
The howler monkey closely misses you.
You punch the howler monkey!
You kill the howler monkey!
An ogre comes into view. It is wielding a +0 giant club.
Prince Ribbit comes into view.
There are monsters nearby!
You barely miss the ogre.
Prince Ribbit blinks!
The ogre closely misses you.
You completely miss the ogre.
Your tail-slap misses the ogre.
Prince Ribbit hits you! x2
You hit the ogre.
The ogre is lightly wounded.
The ogre hits you with a +0 giant club!!
Ouch! That really hurt!
You die...

########
#<......
#.###F......
#....@......
#####O..>...
#.......
........
.###.### ..
ยง# .. #


You could see Prince Ribbit and an ogre.

Vanquished Creatures
  A scorpion (D:4)
  A howler monkey (D:5)
  2 hounds (D:4)
  A gnoll shaman (D:4)
  An iguana (D:4)
  An orc wizard (D:3)
  8 gnolls
  3 adders
  A worm (D:3)
  A dart slug (D:2)
  7 orcs
  7 ball pythons
  5 endoplasms
  A giant cockroach (D:3)
  5 goblins
  7 hobgoblins
  2 jackals (D:1)
  7 kobolds
  4 quokkas
  4 bats
  3 frilled lizards
  6 rats
78 creatures vanquished.

Vanquished Creatures (others)
  3 plants (D:3)
3 creatures vanquished.

Grand Total: 81 creatures vanquished

Notes
Turn   | Place    | Note
-------+----------+-------------------------------------------
     0 | D:1      | pkoi the Draconian Transmuter began the quest for the Orb.
     0 | D:1      | Reached XP level 1. HP: 16/16 MP: 3/3
   211 | D:1      | Found Ytocs's Jewellery Shoppe.
   219 | D:1      | Reached XP level 2. HP: 23/23 MP: 5/5
   327 | D:1      | Reached skill level 4 in Unarmed Combat
   908 | D:1      | Reached XP level 3. HP: 28/28 MP: 6/6
  1012 | D:2      | Found a shimmering altar of Xom.
  1430 | D:2      | Learned a level 3 spell: Spider Form
  1821 | D:2      | Reached XP level 4. HP: 34/35 MP: 5/7
  1844 | D:2      | Found a faded altar of an unknown god.
  2165 | D:3      | Reached skill level 1 in Poison Magic
  2178 | D:3      | Identified a scroll of acquirement
  2178 | D:3      | Acquired the +3 pair of gauntlets of War {Slay+5}
  2178 | D:3      | Found the +3 pair of gauntlets of War {Slay+5}
  2291 | D:3      | Reached skill level 5 in Unarmed Combat
  2591 | D:3      | Reached XP level 5. HP: 30/40 MP: 8/8
  3117 | D:4      | Noticed an ogre
  3334 | D:4      | Reached skill level 6 in Unarmed Combat
  3512 | D:4      | Reached XP level 6. HP: 46/47 MP: 9/9
  4105 | D:5      | Entered Level 5 of the Dungeon
  4119 | D:4      | Reached skill level 7 in Unarmed Combat
  4143 | D:5      | Noticed Prince Ribbit
  4146 | D:5      | Slain by an ogre

Illustrated notes

Levels and vault maps discovered:
D:1:      ebering_hopf_link, layout_basic, serial_shops, shop,
          minmay_misc_feat_room
D:2:      layout_rooms, shapermc_ecumenical_altar_starsandcircs, basic_altar
D:3:      layout_rooms, serial_forest, infiniplex_forest_clump_small,
          infiniplex_forest_clump_large, infiniplex_forest_join,
          infiniplex_forest_lined_4_way, infiniplex_forest_clump_curved,
          infiniplex_forest_clump_small, infiniplex_forest_corner_1,
          chequers_avenue
D:4:      layout_basic
D:5:      layout_rooms, lightli_ossuary_entry_decrepit_ruins,
          uniq_prince_ribbit1

Skill      XL: |  1  2  3  4  5  6 |
---------------+-------------------+-----
Unarmed Combat | 4 5 6 7 |  7.1
Poison Magic   | 1 |  1.1
Fighting       | |  1.1
Dodging        | |  1.8
Spellcasting   | |  2.3
Transmutations | |  2.4

Action                   |  1- 3 |  4- 6 || total
-------------------------+-------+-------++-------
Melee: Unarmed           |   145 |    94 ||   239
       Tailslap          |    14 |     7 ||    21
       Kick              |     8 |     1 ||     9
       Headbutt          |     4 |     1 ||     5
       Punch             |       |     2 ||     2
Throw: Dart              |       |    22 ||    22
 Cast: Beastly Appendage |     9 |     2 ||    11
  Use: Scroll            |     2 |     6 ||     8
Armor: Skin              |    51 |    32 ||    83
Dodge: Dodged            |   105 |    39 ||   144
